 Dungeon Crawl Stone Soup version 0.29-a0-284-gf9362112df (webtiles) character file.

Game seed: 2462108617189025697

137 spaghetti the Sneak (level 5, 0/36 HPs)
             Began as an Octopode Chaos Knight on Mar 25, 2022.
             Was a Plaything of Xom.
             Slain by an adder (1 damage)
             ... on level 4 of the Dungeon.
             The game lasted 00:04:35 (2963 turns).

spaghetti the Sneak (Octopode Chaos Knight)         Turns: 2963, Time: 00:04:36

Health: 0/36       AC:  1    Str: 11    XL:     5   Next: 20%
Magic:  5/5        EV:  8    Int: 14    God:    Xom [.*....]
Gold:   105        SH:  0    Dex: 14    Spells: 4/4 levels left

rFire   . . .      SeeInvis .   a - +0 short sword (vorpal) {short}
rCold   + . .      Faith    .   (no shield)
rNeg    . . .      Spirit   .   (helmet restricted)
rPois   .          Reflect  .   (no amulet)
rElec   .          Harm     .   g - ring of protection from cold
rCorr   .          Rampage  .   (no ring)
Will    .....                   (no ring)
Stlth   ++++......              (no ring)
HPRegen 0.12/turn               (no ring)
MPRegen 0.09/turn               (no ring)
                                (no ring)
                                (no ring)

@: lethally poisoned (0 -> -2), petrifying, very slow
A: almost no armour, amphibious, 8 rings, camouflage 1, gelatinous body 1,
(nimble swimmer 1), tentacles
a: Renounce Religion


You were on level 4 of the Dungeon.
You worshipped Xom.
You were a plaything of Xom.
You visited 1 branch of the dungeon, and saw 4 of its levels.

You collected 105 gold pieces.


Innate Abilities, Weirdness & Mutations

You cannot wear most types of armour.
You are amphibious.
You can wear up to eight rings at the same time.
Your skin changes colour to match your surroundings (Stealth+).
Your rubbery body absorbs attacks. (AC +1, EV +1)
((You are camouflaged when in or above water. (Stealth+)))
You have tentacles for arms and can constrict up to eight enemies at once.


   Skills:
 - Level 3.0 Fighting
 - Level 3.0 Short Blades
 + Level 3.6 Dodging
 + Level 5.5 Stealth


You had 4 spell levels left.
You didn't know any spells.
Your spell library was empty.

Inventory:

Hand Weapons
 a - a +0 vorpal short sword (weapon) {short}
Missiles
 c - 173 stones {throwing}
 m - 3 poisoned darts {throwing}
Magical Staves
 n - a staff of death {!astaff}
   (Xom gifted it to you on level 4 of the Dungeon)
Jewellery
 g - a ring of protection from cold (left tentacle)
   (You found it on level 2 of the Dungeon)
Scrolls
 e - a scroll of acquirement
 j - 4 scrolls of identify {@r1}
 k - a scroll of enchant armour {unknown}
 l - a scroll of amnesia {unknown}
Potions
 f - a potion of cancellation
 i - a potion of curing {unknown}
Miscellaneous
 b - a piece from Xom's chessboard (15/15) (quivered)

Dungeon Overview and Level Annotations

Branches:
Dungeon (4/15)
 Temple: D:4-7

Altars:
Okawaru
Vehumet
Wu Jian
Xom

.. ###...##
..##......##
...........###
.......).....##
..J...........##
...............#
...............##
......l@........#
......S.........#
...)............##
.................#
.................#
.................#
.................#
..................#
................#


You could see a basilisk (inner flame), an adder (inner flame) and an endoplasm
(wandering, inner flame).


Message History

A kobold brigand comes into view.
It is wielding a +0 club and quivering poisoned darts.
The kobold brigand shouts!
The howler monkey hoots and howls with incredible vigour!
You hear an angry hiss.
You hear a shout!
You hit the howler monkey. You grab the howler monkey.
You constrict the howler monkey.
The howler monkey hoots and howls with incredible vigour!
You hear a shout!
You hit the howler monkey but do no damage.
You constrict the howler monkey. "Hum-dee-hum-dee-hum..."
The kobold brigand evaporates and reforms as a basilisk!
The howler monkey hits you. 😕 HP[-2]
You take 2 damage, and now have 29/31 hp.
You hit the howler monkey.
You squeeze the howler monkey, but do no damage.
You constrict the howler monkey. The howler monkey closely misses you.
An adder comes into view.
You hit the howler monkey. You constrict the howler monkey.
You kill the howler monkey!
The basilisk gazes at you.
You are slowing down.
You have reached level 5!
You feel agile. 😕 HP[+5] MP[+1]
You now have 36 max hp (+5).
You regained 5 hp, and now have 34/36 hp.
Your mp is fully restored (5).
Unknown command.
Your limbs are stiffening.
You see here a howler monkey corpse. 😕 HP[+1]
As you read the scroll labelled WOBUEPHURO, it crumbles to dust.
It is a scroll of identify.
e - a scroll of acquirement The basilisk barely misses you.
You have turned to stone.
The basilisk bites you! The basilisk bites you. The adder bites you.
The adder bites you. The basilisk bites you. The adder barely misses you.
The basilisk bites you!
* * * LOW HITPOINT WARNING * * *
The adder bites you. The basilisk bites you!
* * * LOW HITPOINT WARNING * * *
The adder bites you but does no damage. The adder bites you.
* * * LOW HITPOINT WARNING * * *
The basilisk bites you.
* * * LOW HITPOINT WARNING * * *
The adder bites you.
An endoplasm comes into view.
The basilisk bites you. The adder bites you.
The basilisk hisses menacingly.
The basilisk gazes at you. The adder bites you. The adder bites you.
* * * LOW HITPOINT WARNING * * *
The basilisk bites you.
* * * LOW HITPOINT WARNING * * *
The adder bites you.
* * * LOW HITPOINT WARNING * * *
The basilisk gazes at you. The adder bites you but does no damage.
You turn to flesh and can move again.
Unknown command. 😱 HP[-28]
You take 28 damage, and now have 7/36 hp.
MASSIVE DAMAGE!! (PAUSE) Unknown command.
As you read the scroll labelled HAEHIO JIGEOPNEAS, it crumbles to dust.
The creatures around you are filled with an inner flame!
It was a scroll of immolation.
The basilisk gazes at you. You resist with significant effort.
The adder bites you.
* * * LOW HITPOINT WARNING * * *
You are lethally poisoned!
The adder poisons you! 😱 HP[-3]
You take 3 damage, and now have 4/36 hp.
Okay, then.
Okay, then.
It was a potion of might.
You feel very mighty all of a sudden.
* * * LOW HITPOINT WARNING * * *
You feel sick. The basilisk misses you. The adder barely misses you. 😱 HP[-2]
You take 2 damage, and now have 2/36 hp.
It was a potion of cancellation.
Your magical effects are unravelling.
You feel magically purged.
Xom thinks this is hilarious!
You feel a little less mighty now.
* * * LOW HITPOINT WARNING * * *
You feel sick. The adder closely misses you. The basilisk gazes at you.
You are slowing down.
The adder bites you.
You die...
Xom chortles!

Skill      XL: |  1  2  3  4 |
---------------+-------------+-----
Stealth        | 2 3 4 5 |  5.5
Dodging        | 3 |  3.6
Fighting       | |  3.0
Short Blades   | |  3.0

Action                   |  1- 3 |  4- 6 || total
-------------------------+-------+-------++-------
Melee: Short sword       |    55 |    39 ||    94
       Constrict         |    14 |     7 ||    21
       Tentacles         |     9 |     5 ||    14
  Use: Scroll            |     2 |     2 ||     4
       Potion            |       |     2 ||     2
 Stab: Sleeping          |    13 |    11 ||    24
Armor: Skin              |     3 |     2 ||     5
Dodge: Dodged            |    26 |    19 ||    45

Levels and vault maps discovered:
D:1:      sevenhm_arrival_forest_fort_large_4, layout_loops_ring
D:2:      kb_forest_paths, layout_basic, ebering_ecumenical_altar_box,
          basic_altar, minmay_close_crescents
D:3:      minmay_spotlight, layout_loops_corners,
          chequers_temple_overflow_statue_of_worship
D:4:      layout_cave_pods, serial_shops, shop

Notes
Turn   | Place    | Note
-------+----------+-------------------------------------------
     0 | D:1      | spaghetti the Octopode Chaos Knight began the quest for the
                  | Orb.
     0 | D:1      | Reached XP level 1. HP: 16/16 MP: 1/1
     0 | D:1      | magus.rc [v1.9.6]
    34 | D:1      | Reached skill level 1 in Stealth
   191 | D:1      | Reached skill level 2 in Stealth
   327 | D:1      | XOM: divination: magic mapping
   336 | D:1      | Reached XP level 2. HP: 18/21 MP: 2/2
   381 | D:1      | XOM: confuse monster(s)
   660 | D:1      | XOM: divination: magic mapping
   673 | D:1      | Reached skill level 3 in Stealth
   809 | D:2      | Reached XP level 3. HP: 12/26 MP: 3/3
  1129 | D:2      | XOM: scenery: create altars
  1136 | D:2      | Reached skill level 4 in Stealth
  1292 | D:2      | XOM: god gift: war axe {god gift}
  1347 | D:2      | Reached XP level 4. HP: 27/31 MP: 4/4
  1455 | D:2      | Found an ornate altar of the Wu Jian Council.
  1471 | D:2      | Reached skill level 3 in Dodging
  1472 | D:2      | Found a faded altar of an unknown god.
  2122 | D:3      | Found an iron altar of Okawaru.
  2122 | D:3      | Found a radiant altar of Vehumet.
  2123 | D:3      | Found an ornate altar of the Wu Jian Council.
  2790 | D:4      | Reached skill level 5 in Stealth
  2914 | D:4      | XOM: god gift: staff of death
  2941 | D:4      | XOM: 1-stop teleportation journey
  2944 | D:4      | Noticed a kobold brigand
  2946 | D:4      | Noticed a basilisk
  2946 | D:4      | a kobold brigand changed into a basilisk
  2946 | D:4      | XOM: polymorph kobold brigand -> basilisk
  2949 | D:4      | Reached XP level 5. HP: 34/36 MP: 5/5
  2950 | D:4      | Identified a scroll of acquirement
  2959 | D:4      | HP: 9/36 [basilisk (1)]
  2961 | D:4      | HP: 4/36 [adder (3)]
  2963 | D:4      | HP: 1/36 [poisoned by an adder]
  2963 | D:4      | Slain by an adder

Vanquished Creatures
  A howler monkey (D:4)
  3 adders
  An ufetubus (D:3)
  2 worms (D:2)
  A dart slug (D:2)
  6 endoplasms
  2 giant cockroaches
  4 goblins
  6 hobgoblins
  5 jackals (D:2)
  8 kobolds
  4 quokkas
  7 ball pythons
  3 bats
  2 frilled lizards
  5 rats
60 creatures vanquished.

Table legend:
 A = Non-vault XP
 B = Vault XP
 C = Vault XP percentage of total XP
 D = Non-vault monster count
 E = Vault monster count
 F = Vault count percentage of total count
                 A         B        C        D         E       F
            +---------+---------+-------+---------+---------+-------
      Total |     173 |      23 |  11.7 |      47 |      13 |  21.7
            +---------+---------+-------+---------+---------+-------
        D:1 |      22 |       0 |   0.0 |      14 |       0 |   0.0
        D:2 |      65 |      18 |  21.7 |      22 |      10 |  31.2
        D:3 |      22 |       5 |  18.5 |       9 |       3 |  25.0
        D:4 |      64 |       0 |   0.0 |       2 |       0 |   0.0
            +---------+---------+-------+---------+---------+-------

Illustrated notes

Table legend:
 A = Kills in this place as a percentage of kills in entire the game.
 B = Kills by you in this place as a percentage of kills by you in the entire game.
 C = Kills by friends in this place as a percentage of kills by friends in the entire game.
 D = Other kills in this place as a percentage of other kills in the entire game.
 E = Experience gained in this place as a percentage of experience gained in the entire game.
 F = Experience gained in this place divided by the number of levels of this place that you have seen.
                   A       B       C       D       E      F
               +-------+-------+-------+-------+-------+----------------------
         Total | 100.0 | 100.0 |   N/A |   N/A | 100.0 |  49.0
       Dungeon | 100.0 | 100.0 |   N/A |   N/A | 100.0 |  49.0
               +-------+-------+-------+-------+-------+----------------------

Table legend: (Time is in decaauts)
 A = Elapsed time spent in this place.
 B = Non-inter-level travel time spent in this place.
 C = Inter-level travel time spent in this place.
 D = Time resting spent in this place.
 E = Time spent auto-exploring this place.
 F = Levels seen in this place.
 G = Mean time per level.
                   A        B        C        D        E       F      G
               +--------+--------+--------+--------+--------+-----+--------+
         Total |   2959 |   2888 |     71 |    462 |   2059 |   4 |  739.8 |
       Dungeon |   2959 |   2888 |     71 |    462 |   2059 |   4 |  739.8 |
               +--------+--------+--------+--------+--------+-----+--------+

Top non-repeatable levels by time:
     D:2: 1075 daAuts
     D:3: 940 daAuts
     D:1: 763 daAuts
     D:4: 180 daAuts
